 Dungeon Crawl Stone Soup version 0.29.0-11-gd7f09526c8 (webtiles) character file.

Game seed: 8763855003719809878

24671 mdonais the Destroyer (level 13, -30/81 (86) HPs)
             Began as an Octopode Earth Elementalist on Sept 4, 2022.
             Was an Initiate of Gozag.
             Annihilated by a death scarab (32 damage)
             ... in a Gauntlet.
             The game lasted 01:17:02 (16699 turns).

mdonais the Destroyer (OpEE)                       Turns: 16699, Time: 01:17:03

HP:   -30/81 (86)   AC:  1    Str:  7    XL:     13   Next: 14%
MP:   25/34         EV: 23    Int: 34    God:    Gozag
Gold: 1514          SH:  9    Dex: 13    Spells: 6/28 levels left

rFire   + . .      SeeInvis .   p - staff of cold
rCold   + . .      Faith    .   P - +0 buckler
rNeg    + . .      Spirit   .   (helmet restricted)
rPois   .          Reflect  .   h - amulet of magic regeneration
rElec   .          Harm     .   f - ring of protection from fire
rCorr   +          Rampage  .   d - +4 ring of evasion
Will    .....      NoTele   +   (no ring)
Stlth   ++++......              g - ring of resist corrosion
HPRegen 0.23/turn               J - ring of positive energy
MPRegen 0.64/turn               F - ring "Ceot" {EV+4 Int+2 Dex+2}
                                S - ring of magical power
                                X - +6 ring of intelligence

@: gold aura, slowed, drained, very slow
A: almost no armour, amphibious, 8 rings, camouflage 1, gelatinous body 1,
(nimble swimmer 1), tentacles, large bone plates 1, clever 1, MP-powered wands
a: Renounce Religion, Potion Petition, Call Merchant, Bribe Branch


You were in a Gauntlet.
You worshipped Gozag.
Gozag was most pleased with you.
You visited 3 branches of the dungeon, and saw 14 of its levels.
You also visited: Ossuary and Gauntlet.

You collected 3336 gold pieces.
You spent 714 gold pieces at shops.
You paid 1108 gold pieces to Gozag.

Inventory:

Hand Weapons
 b - the +6 hand axe "Puxtatwo" {vorpal, Int+3}
   (You found it in a Gauntlet)

   It inflicts extra damage upon your enemies.
   Int:       It affects your intelligence (+3).
 y - a +1 demon trident of electrocution
   (You found it on level 9 of the Dungeon)
 H - the +5 quarterstaff of Oenomania {holy, Int+3}
   (You found it on level 7 of the Dungeon)

   It has been blessed by the Shining One to cause great damage to the undead
   and demons.
   Int:       It affects your intelligence (+3).
 I - a +2 dagger of speed
   (You took it off an orc wizard on level 7 of the Dungeon)
Missiles
 t - 9 boomerangs (quivered)
 u - 3 silver boomerangs
 v - 4 javelins
 D - 71 poisoned darts
 Z - a throwing net {=!f}
Armour
 P - a +0 buckler (worn)
   (You found it on level 10 of the Dungeon)
Magical Staves
 p - a staff of cold (weapon)
   (You found it on level 7 of the Dungeon)
Jewellery
 d - a +4 ring of evasion (right tentacle)
   (You found it on level 2 of the Dungeon)
 f - a ring of protection from fire (left tentacle)
   (You found it on level 1 of the Dungeon)
 g - a ring of resist corrosion (on tentacle)
   (You found it on level 7 of the Dungeon)
 h - an amulet of magic regeneration (around mantle)
   (You acquired it on level 5 of the Dungeon)
 n - a ring of ice
   (You found it on level 3 of the Dungeon)
 F - the ring "Ceot" (on tentacle) {EV+4 Int+2 Dex+2}
   (You bought it in a shop on level 1 of the Lair of Beasts)

   [ring of evasion]

   EV:        It affects your evasion (+4).
   Int:       It affects your intelligence (+2).
   Dex:       It affects your dexterity (+2).
 J - a ring of positive energy (on tentacle)
   (You found it on level 10 of the Dungeon)
 S - a ring of magical power (on tentacle)
   (You bought it in a shop on level 1 of the Lair of Beasts)
 X - a +6 ring of intelligence (on tentacle)
   (You found it on level 11 of the Dungeon)
Wands
 k - a wand of polymorph (4)
   (You found it on level 9 of the Dungeon)
 w - a wand of mindburst (11)
   (You found it on level 9 of the Dungeon)
 V - a wand of flame (22)
   (You found it on level 6 of the Dungeon)
 Y - a wand of charming (8)
   (You found it on level 11 of the Dungeon)
Scrolls
 c - a scroll of enchant weapon
 e - 2 scrolls of immolation
 m - 2 scrolls of amnesia
 s - 4 scrolls of poison
 x - a scroll of blinking {unknown}
 A - 3 scrolls of enchant armour
 G - 2 scrolls of butterflies {unknown}
 K - 2 scrolls of fear
 N - 2 scrolls of vulnerability
 O - a scroll of silence {unknown}
 T - 6 scrolls of teleportation
 W - a scroll of brand weapon {unknown}
Potions
 a - a potion of magic
 i - a potion of resistance
 j - 2 potions of cancellation
 l - 4 potions of flight
 o - 3 potions of mutation
 z - a potion of ambrosia
 B - 5 potions of might
 C - 2 potions of heal wounds
 E - a potion of lignification
 L - 2 potions of attraction {unknown}
 Q - 8 potions of curing
Miscellaneous
 U - a phantom mirror
   (You found it on level 1 of the Lair of Beasts)


   Skills:
 + Level 7.0 Fighting
 - Level 6.0 Dodging
 - Level 6.0 Stealth
 - Level 4.0 Shields
 + Level 8.0 Spellcasting
 - Level 10.0 Conjurations
 - Level 6.0 Summonings
 * Level 5.0 Translocations
 - Level 4.0 Transmutations
 + Level 10.0 Fire Magic
 - Level 5.0 Earth Magic
 - Level 3.0 Evocations


You had 6 spell levels left.
You knew the following spells:

 Your Spells              Type           Power      Damage    Failure   Level
a - Sandblast             Erth           94%        2d19      1%          1
b - Call Canine Familiar  Summ           53%        N/A       1%          3
c - Stone Arrow           Conj/Erth      100%       3d13      1%          3
d - Fireball              Conj/Fire      34%        3d14      1%          5
e - Iskenderun's Mystic   Conj/Tloc      59%        2d12      1%          4
f - Starburst             Conj/Fire      34%        6d10      11%         6

Your spell library contained the following spells:

 Spells                   Type           Power      Damage    Failure   Level
 Beastly Appendage        Tmut           80%        N/A       1%          1
 Summon Small Mammal      Summ           100%       N/A       1%          1
 Passwall                 Tmut/Erth      36%        N/A       1%          2
 Wereblood                Tmut           40%        N/A       1%          2
 Conjure Flame            Conj/Fire      69%        6-21      1%          3
 Ignite Poison            Fire/Tmut/Pois 45%        N/A       1%          3
 Sticky Flame             Conj/Fire      69%        2d8       1%          4
 Mephitic Cloud           Conj/Pois/Air  36%        N/A       3%          3
 Summon Guardian Golem    Hex/Summ       34%        N/A       3%          3
 Spider Form              Tmut/Pois      27%        N/A       5%          3
 Fulminant Prism          Conj/Hex       23%        3d13      5%          4
 Petrify                  Tmut/Erth      44%        N/A       6%          4
 Summon Lightning Spire   Summ/Air       34%        N/A       12%         4
 Lee's Rapid Deconstruct  Erth           23%        3d14*     14%         5
 Lightning Bolt           Conj/Air       23%        1d39      14%         5
 Freezing Cloud           Conj/Ice/Air   26%        6-21      30%         5
 Airstrike                Air            6%         2d(1-17)  38%         4
 Ignition                 Fire           34%        3d11      99%         8


Dungeon Overview and Level Annotations

Branches:
Dungeon (11/15) Zot: 25422  Temple (0/1) D:4            Lair (2/5) D:9 Zot: 10286
  Swamp (0/4) Lair:2       Spider (0/4) Lair:2          Orc (1/2) D:10 Zot: 5970
Ossuary (visited)         Gauntlet (1/1) Zot: 5017

Altars:
Ashenzari
Cheibriados
Dithmenos
Elyvilon
Gozag
Kikubaaqudgha
Makhleb
Okawaru
Ru
Sif Muna
Trog
Uskayaw
Xom
Yredelemnul
Zin
The Shining One

Shops:
D:2 (   D:9 (   D:10 *   Lair:1 *=

Portals:
Trove: D:10 (give 12 potions of heal wounds)

Annotations:
D:3 2 transporters, bullsaxe's ghost, weakling HOFi Gauntlet 7 transporters


Innate Abilities, Weirdness & Mutations

You cannot wear most types of armour.
You are amphibious.
You can wear up to eight rings at the same time.
Your skin changes colour to match your surroundings (Stealth+).
Your rubbery body absorbs attacks. (AC +1, EV +1)
((You are camouflaged when in or above water. (Stealth+)))
You have tentacles for arms and can constrict up to eight enemies at once.
You are partially covered in large bone plates. (SH +4)
Your mind is acute. (Int +4, Str/Dex -1)
You expend magic power (3 MP) to strengthen your wands.


Message History

* * * LOW HITPOINT WARNING * * *
Your warg barely misses the spectral black mamba.
The spectral seven-headed hydra closely misses you.
The spectral seven-headed hydra misses you.
The spectral seven-headed hydra bites you.
* * * LOW HITPOINT WARNING * * *
You partially resist.
You feel drained.
* * * LOW HITPOINT WARNING * * *
You block the spectral seven-headed hydra's attack. x3
The spectral seven-headed hydra barely misses you.
You regained 7 hp, and now have 13/75 hp.
Unknown command.
Casting: Stone Arrow (safe; 1% risk of failure)
Confirm with . or Enter, or press ? or * to list all spells.
Really blast near your warg?
You erupt in a blast of force!
The mystic blast hits your warg.
Your warg is lightly wounded.
Your warg is knocked back by the mystic blast.
The mystic blast hits the spectral seven-headed hydra!!
You destroy the spectral seven-headed hydra!
The mystic blast hits the spectral black mamba!
The spectral black mamba is severely damaged.
The spectral black mamba is knocked back by the mystic blast.
Your warg disappears in a puff of smoke!
Training target 7.0 for Fighting reached!
Training target 6.0 for Dodging reached!
Your Fighting skill increases to level 7!
Your Dodging skill increases to level 6!
You need to enable at least one skill for training.
You now have 24/34 mp.
Unknown command.
Casting: Iskenderun's Mystic Blast (dangerous; 1% risk of failure)
Confirm with . or Enter, or press ? or * to list all spells.
You erupt in a blast of force!
The mystic blast hits the spectral black mamba.
The spectral black mamba is severely damaged.
The spectral black mamba is knocked back by the mystic blast.
The spectral komodo dragon is distracted by your dazzling golden aura.
You now have 20/34 mp.
Casting: Iskenderun's Mystic Blast (dangerous; 1% risk of failure)
Confirm with . or Enter, or press ? or * to list all spells.
Aiming: Fireball (dangerous; 1% risk of failure)
Press: ? - help, Shift-Dir - straight line, f - spectral black mamba
Aim: a spectral black mamba (severely damaged)
The fireball explodes!
The fireball engulfs the spectral black mamba!
You destroy the spectral black mamba!
The spectral komodo dragon is no longer distracted by gold.
You now have 16/34 mp.
Unknown command.
Casting: Fireball (dangerous; 1% risk of failure)
Confirm with . or Enter, or press ? or * to list all spells.
You can't see any susceptible monsters within range! (Use Z to cast anyway.)
Casting: Fireball (dangerous; 1% risk of failure)
Confirm with . or Enter, or press ? or * to list all spells.
You can't see any susceptible monsters within range! (Use Z to cast anyway.)
You now have 1510 gold pieces (gained 6).
The death scarab is distracted by your dazzling golden aura.
Casting: Fireball (dangerous; 1% risk of failure)
Confirm with . or Enter, or press ? or * to list all spells.
You can't see any susceptible monsters within range! (Use Z to cast anyway.)
You start resting.
The death scarab is distracted by your dazzling golden aura.
The death scarab is no longer distracted by gold.
The death scarab is distracted by your dazzling golden aura.
The death scarab is no longer distracted by gold.
The spectral catoblepas is distracted by your dazzling golden aura.
The death scarab is no longer distracted by gold.
You start resting.
You start to feel less resistant.
You regained 2 hp, and now have 19/81 hp.
You regained 5 mp, and now have 29/34 mp.
You start resting.
Your resistance to elements expires.
You regained 4 mp, and now have 33/34 mp.
MP restored: 34 You start resting.
The death scarab waves its antennae. x2
The death scarab's many legs skitter faintly. x2
You hear a faint skittering sound.
HP restored.
Health restored: 81 You now have 1514 gold pieces (gained 4).
Casting: Fireball (dangerous; 1% risk of failure)
Confirm with . or Enter, or press ? or * to list all spells.
The death scarab's many legs skitter faintly. x2
You now have 32/34 mp.
MP restored: 34 You swap places.
You open the gate.
Your wolf bites the death scarab but does no damage.
The death scarab waves its antennae.
The death scarab misses your wolf. The death scarab bites your wolf!!
Your wolf dies!
Your wolf's corpse disappears in a puff of smoke!
The death scarab's many legs skitter faintly.
Casting: Call Canine Familiar (safe; 1% risk of failure)
Confirm with . or Enter, or press ? or * to list all spells.
The death scarab bites you! The death scarab drains your vigour!
You feel yourself slow down.
The death scarab draws strength from your injuries!
The death scarab bites you!! The death scarab drains your vigour!
You feel as though you will be slow longer.
The death scarab draws strength from your injuries!
You block the death scarab's attack.
You take 35 damage, and have 46/81 hp.
MASSIVE DAMAGE!!
You now have 31/34 mp.
Unknown command.
Casting: Call Canine Familiar (safe; 1% risk of failure)
Confirm with . or Enter, or press ? or * to list all spells.
Really blast near your wolf?
You erupt in a blast of force!
The mystic blast hits your wolf!
Your wolf is heavily wounded.
Your wolf is knocked back by the mystic blast.
Your wolf slams into the translucent stone wall!
Your wolf is severely wounded.
The mystic blast hits the death scarab!
The death scarab is heavily damaged.
The death scarab is knocked back by the mystic blast.
The death scarab slams into the translucent stone wall!
The death scarab is severely damaged.
The mystic blast hits the death scarab!
The death scarab is moderately damaged.
The death scarab is knocked back by the mystic blast.
The death scarab collides with your wolf!
The death scarab is heavily damaged.
Your wolf disappears in a puff of smoke!
You block the death scarab's attack. The death scarab bites you!!
* * * LOW HITPOINT WARNING * * *
The death scarab draws strength from your injuries!
You take 24 damage, and have 22/81 hp.
MASSIVE DAMAGE!!
You now have 28/34 mp.
Casting: Iskenderun's Mystic Blast (dangerous; 1% risk of failure)
Confirm with . or Enter, or press ? or * to list all spells.
You erupt in a blast of force!
The mystic blast hits the spectral catoblepas!
The spectral catoblepas is lightly damaged.
The spectral catoblepas is knocked back by the mystic blast.
The mystic blast hits the death scarab!
You destroy the death scarab!
The mystic blast hits the death scarab!
The death scarab is almost destroyed.
The death scarab is knocked back by the mystic blast.
The death scarab slams into the translucent stone wall!
The death scarab bites you!!
* * * LOW HITPOINT WARNING * * *
The death scarab drains your vigour!
You feel as though you will be slow longer.
The death scarab draws strength from your injuries!
The death scarab bites you!!
You die...
Your body crumbles into a pile of gold.

#≈≈.#########.8.#.©....
##≈....#©..8#.⌠.#.8.##.
##..8.#...©#.8.#...#
##≈....#©..8#...#...#
#≈≈.#########...#≈≈≈#
##≈.#..#©...#..###≈##
##.#..#.##.#.## ##
##≈.#..#.##.#.≈##
#≈≈.#..#.$@.#.≈≈#
##≈.#..ZZB###.≈##
##.#..#.#$!#.##
##≈.#..#©#..#.≈##
#≈≈.#########.≈≈#
##≈....#©..8#.≈##
##..8.#...©#.##
##≈....#©..8#.≈##
#≈≈.#########.≈≈#


You could see a spectral komodo dragon, a spectral catoblepas and a death
scarab.

Vanquished Creatures
  A catoblepas (Lair:1)
  Erica (D:9)
  6 death yaks
  A death scarab (Gauntlet)
  A two-headed ogre (D:11)
  A tengu warrior (Gauntlet)
  Nergalle (D:11)
  A spectral hydra (Gauntlet)
  A wizard (Gauntlet)
  6 elephants (Lair:1)
  2 black mambas
  A torpor snail (Lair:1)
  7 cane toads
  A kobold demonologist (D:11)
  A tengu conjurer (Gauntlet)
  2 komodo dragons (Lair:1)
  2 trolls
  A polar bear (Lair:2)
  3 hornets
  2 blink frogs (Lair:2)
  A spectral black mamba (Gauntlet)
  A vampire (D:11)
  2 wraiths (D:9)
  4 wyverns
  5 yaks
  A basilisk (Lair:1)
  A steam dragon (D:7)
  2 acid dragons
  A sky beast (D:8)
  2 black bears
  6 orc warriors
  2 ogres (D:5)
  A centaur (D:8)
  2 phantoms
  An elf zombie (D:6)
  8 kobold brigands
  6 bullfrogs
  2 scorpions (D:4)
  A wyvern zombie (Ossuary)
  A jelly (D:5)
  A water moccasin zombie (Ossuary)
  15 wights
  9 killer bees
  6 howler monkeys (D:8)
  5 centaur zombies (Ossuary)
  2 bullfrog zombies (Ossuary)
  A human zombie (D:6)
  3 hounds
  3 gnoll boudas
  8 orc priests
  Terence (D:2)
  12 mummies (Ossuary)
  5 iguanas
  8 orc wizards
  5 killer bee zombies (Ossuary)
  3 howler monkey zombies (Ossuary)
  9 gnolls
  3 adders
  3 shadow imps
  3 white imps
  An ufetubus (D:4)
  3 dart slugs
  43 orcs
  8 bats
  5 endoplasms
  A giant cockroach (D:2)
  7 goblins
  5 hobgoblins
  4 jackals (D:1)
  42 kobolds
  2 quokkas
  5 ball pythons
  A frilled lizard (D:2)
  9 kobold skeletons (D:11)
  6 kobold zombies (D:11)
  2 orc skeletons (D:6)
  4 rats
345 creatures vanquished.

Vanquished Creatures (collateral kills)
  A komodo dragon (Lair:2)
  A tengu conjurer (Gauntlet)
  A blink frog (Lair:2)
  3 yaks
  A water moccasin (Lair:2)
  A black bear (D:5)
  An elf zombie (D:6)
  A water moccasin zombie (Ossuary)
  2 wights (D:8)
  A killer bee (D:8)
  2 bullfrog zombies (Ossuary)
  A centaur zombie (Ossuary)
  A jelly (D:5)
  2 hounds
  2 mummies (Ossuary)
  2 orc wizards
  A gnoll (D:6)
  A shadow imp (D:11)
  5 orcs
  5 kobolds
  2 kobold zombies (D:11)
  An orc zombie (D:6)
38 creatures vanquished.

Vanquished Creatures (others)
  An orc (D:7)
  3 fungi (Lair:1)
  5 plants
  4 withered plants (Ossuary)
13 creatures vanquished.

Grand Total: 396 creatures vanquished

Notes
Turn   | Place    | Note
-------+----------+-------------------------------------------
     0 | D:1      | mdonais the Octopode Earth Elementalist began the quest for
                  | the Orb.
     0 | D:1      | Reached XP level 1. HP: 11/11 MP: 3/3
   362 | D:1      | Reached XP level 2. HP: 18/18 MP: 3/5
   364 | D:1      | Reached skill level 1 in Fighting
   528 | D:1      | Found a faded altar of an unknown god.
   532 | D:1      | Prayed at the altar of an unknown god.
   532 | D:1      | Became a worshipper of Gozag Ym Sagoz the Greedy
   850 | D:2      | Reached XP level 3. HP: 24/24 MP: 4/6
   851 | D:2      | Noticed Terence
  1034 | D:2      | Learned a level 3 spell: Stone Arrow
  1365 | D:2      | Found Nezxioci's Weapon Emporium.
  1708 | D:2      | Reached XP level 4. HP: 29/29 MP: 5/7
  1896 | D:2      | Killed Terence
  2385 | D:3      | Found a transporter.
  2385 | D:3      | Noticed bullsaxe's ghost (weakling HOFi)
  2465 | D:3      | Found a transporter.
  2522 | D:3      | Found a glowing silver altar of Zin.
  2522 | D:3      | Found a glowing golden altar of the Shining One.
  2522 | D:3      | Found a white marble altar of Elyvilon.
  2841 | D:3      | Found a bloodstained altar of Trog.
  2919 | D:4      | Noticed a scorpion
  2930 | D:4      | Killed a scorpion
  2931 | D:4      | Reached XP level 5. HP: 23/34 MP: 0/9
  3086 | D:4      | Learned a level 3 spell: Call Canine Familiar
  3643 | D:4      | Reached skill level 1 in Summonings
  3643 | D:4      | Reached skill level 5 in Earth Magic
  3743 | D:4      | Reached XP level 6. HP: 26/39 MP: 3/10
  3965 | D:4      | Found a staircase to the Ecumenical Temple.
  4078 | D:4      | Found a snail-covered altar of Cheibriados.
  4196 | D:4      | Found a broken altar of Ashenzari.
  4282 | D:5      | Entered Level 5 of the Dungeon
  4496 | D:5      | Found a hide-covered altar of Uskayaw.
  4506 | D:5      | Reached XP level 7. HP: 45/45 MP: 4/11
  4594 | D:5      | Identified a scroll of acquirement
  4597 | D:5      | Acquired an amulet of magic regeneration
  4615 | D:5      | Reached skill level 5 in Summonings
  4627 | D:5      | Learned a level 5 spell: Fireball
  4918 | D:5      | Reached XP level 8. HP: 50/52 MP: 9/13
  5146 | D:5      | Reached skill level 1 in Conjurations
  5559 | D:6      | Found a sand-covered staircase.
  5566 | Ossuary  | Entered an ossuary
  5731 | Ossuary  | Reached skill level 5 in Conjurations
  5892 | Ossuary  | Reached XP level 9. HP: 58/58 MP: 11/15
  6434 | D:6      | Reached skill level 5 in Spellcasting
  6677 | D:6      | Reached skill level 1 in Fire Magic
  7071 | D:7      | Identified the +5 quarterstaff of Oenomania {holy, Int+3}
  7926 | D:8      | Reached XP level 10. HP: 63/63 MP: 2/17
  7970 | D:8      | Reached skill level 5 in Fire Magic
  8049 | D:8      | Gained mutation: Your mind is acute. (Int +4, Str/Dex -1)
                  | [potion of mutation]
  8049 | D:8      | Gained mutation: You expend magic power (3 MP) to
                  | strengthen your wands. [potion of mutation]
  8049 | D:8      | Gained mutation: You are partially covered in large bone
                  | plates. (SH +4) [potion of mutation]
  9126 | D:9      | Noticed Erica
  9126 | D:9      | Found a staircase to the Lair.
  9126 | D:9      | Noticed a death yak
  9126 | D:9      | Noticed a death yak
  9126 | D:9      | Noticed a death yak
  9126 | D:9      | Noticed a death yak
  9126 | D:9      | Noticed a death yak
  9127 | D:9      | Noticed a death yak
  9182 | D:8      | Killed a death yak
  9580 | D:8      | Killed a death yak
  9975 | D:9      | Killed a death yak
  9976 | D:9      | Reached skill level 5 in Fighting
  9976 | D:9      | Reached XP level 11. HP: 71/71 MP: 5/21
 10168 | D:9      | Killed a death yak
 10349 | D:9      | Killed Erica
 10397 | D:9      | Killed a death yak
 10438 | D:9      | Killed a death yak
 10439 | D:9      | Reached skill level 5 in Dodging
 10731 | D:9      | Found Kugi's Weapon Shop.
 10756 | D:9      | Found a shimmering blue altar of Sif Muna.
 10845 | D:10     | Entered Level 10 of the Dungeon
 10866 | D:10     | Found a burning altar of Makhleb.
 10869 | D:10     | Found a shimmering altar of Xom.
 10875 | D:10     | Found a sacrificial altar of Ru.
 10898 | D:10     | Found a shadowy altar of Dithmenos.
 10898 | D:10     | Found an ancient bone altar of Kikubaaqudgha.
 10899 | D:10     | Found an iron altar of Okawaru.
 10902 | D:10     | Found an opulent altar of Gozag.
 10942 | D:10     | Reached skill level 1 in Evocations
 11075 | D:10     | Reached skill level 5 in Stealth
 11120 | D:10     | Learned a level 4 spell: Iskenderun's Mystic Blast
 11288 | D:10     | Found a portal to a secret trove of treasure.
 11418 | D:10     | Found Qadgh's CLEARANCE SALE!.
 11758 | D:10     | Found a staircase to the Orcish Mines.
 12331 | Lair:1   | Entered Level 1 of the Lair of Beasts
 12331 | Lair:1   | Noticed a catoblepas
 12341 | Lair:1   | Killed a catoblepas
 12494 | Lair:1   | Bought the ring "Ceot" {EV+4 Int+2 Dex+2} for 514 gold
                  | pieces
 12494 | Lair:1   | Bought a ring of magical power for 200 gold pieces
 12723 | Lair:1   | Reached XP level 12. HP: 53/79 MP: 19/22
 12934 | Lair:1   | Found a basalt altar of Yredelemnul.
 13058 | Lair:1   | Reached skill level 10 in Conjurations
 13058 | Lair:1   | Reached skill level 1 in Translocations
 13579 | Lair:1   | Reached skill level 5 in Translocations
 14701 | D:11     | Found an ancient bone altar of Kikubaaqudgha.
 14746 | D:11     | Noticed a two-headed ogre
 14749 | D:11     | Noticed Nergalle
 14761 | D:11     | Killed a two-headed ogre
 14763 | D:11     | Killed Nergalle
 15248 | Orc:1    | Entered Level 1 of the Orcish Mines
 15624 | Lair:2   | Reached skill level 10 in Fire Magic
 15649 | Lair:2   | Reached skill level 1 in Shields
 15698 | Lair:2   | Found a gate leading to a gauntlet.
 15718 | Gauntlet | Entered a Gauntlet
 15718 | Gauntlet | Found a transporter.
 15859 | Gauntlet | Found a transporter.
 15862 | Gauntlet | Found a transporter.
 15863 | Gauntlet | Found a transporter.
 15870 | Gauntlet | Noticed a tengu warrior
 15871 | Gauntlet | Found a transporter.
 15874 | Gauntlet | Found a transporter.
 15875 | Gauntlet | Found a transporter.
 15884 | Gauntlet | Found a transporter.
 15887 | Gauntlet | Found a transporter.
 15888 | Gauntlet | Found a transporter.
 15894 | Gauntlet | Found a runed translucent gate.
 15896 | Gauntlet | Found a runed translucent gate.
 15896 | Gauntlet | Found a transporter.
 15897 | Gauntlet | Noticed a death scarab
 15898 | Gauntlet | Found a runed translucent gate.
 15899 | Gauntlet | Found a transporter.
 15900 | Gauntlet | Found a transporter.
 15901 | Gauntlet | Noticed a death scarab
 15906 | Gauntlet | Noticed a death yak
 15908 | Gauntlet | Found a transporter.
 15912 | Gauntlet | Noticed a death yak
 15913 | Gauntlet | Noticed a death yak
 15917 | Gauntlet | Noticed a death yak
 15918 | Gauntlet | Noticed a death yak
 15922 | Gauntlet | Noticed a death yak
 16004 | Gauntlet | Learned a level 6 spell: Starburst
 16131 | Gauntlet | Reached XP level 13. HP: 83/83 MP: 19/25
 16166 | Gauntlet | Identified the +6 hand axe "Puxtatwo" {vorpal, Int+3}
 16699 | Gauntlet | HP: 2/81 [death scarab (20)]
 16699 | Gauntlet | Annihilated by a death scarab

Illustrated notes

Levels and vault maps discovered:
D:1:      dpeg_arrival_short_road, layout_loops_ring, basic_ecumenical_altar
D:2:      layout_rooms, serial_shops, nicolae_shop_bloodbath_and_beyond,
          serial_rivers, chequers_serial_rivers_micro_c,
          chequers_serial_rivers_room_b, chequers_serial_rivers_small_3,
          chequers_serial_rivers_small_b, minmay_quantized, uniq_terence
D:3:      layout_loops_ring, dreamdust_divine_triumvirate,
          trog_three_pillars_becter, gammafunk_ghost_arena, serial_glass,
          glass_columns_a, glass_columns_b, glass_columns_b,
          chequers_serial_rivers_small_3
D:4:      layout_rooms, nicolae_overflow_hidden_temple, cheibriados_altar_1,
          minmay_temple_entry_waves
D:5:      layout_gridville, nicolae_uskayaw_murder_on_the_dancefloor,
          dk_vineyard_1, corexii_hall_statues_l
D:6:      kennysheep_spiral_hall, layout_rooms, nicolae_ossuary_entry_catacombs
D:7:      layout_loops_ring, minivault_26, minmay_misc_feat_secret_circle
D:8:      layout_cave_pools, moated_statue
D:9:      layout_rooms, led_sif_pool, dpeg_lair_monsters, serial_shops,
          nicolae_take_the_stairs, amcnicky_mini_corridor_feature, uniq_erica
D:10:     layout_basic, nicolae_overflow_hallway_of_the_gods, orc_0_dummy,
          enter_trove_0, nicolae_shop_clearance
D:11:     wander_kiku_kobolds, layout_irregular_city, uniq_nergalle
Lair:1:   layout_loops_ring, basic_altar
Lair:2:   layout_hall_layers, minmay_swamp_entry_eels,
          spider_nest_entry_web_field, hellmonk_ghost_happy_afterlife,
          gauntlet_entry_generic, lemuel_old_faithful
Orc:1:    layout_diamond_mine
Gauntlet: gammafunk_gauntlet_77_escape_option
          [minmay_gauntlet_arena_77_broken_ladder,
          minmay_gauntlet_arena_77_squiggly,
          minmay_gauntlet_arena_77_block_sizes,
          minmay_gauntlet_arena_77_run_for_it, minmay_gauntlet_arena_77_braids,
          gauntlet_exit_watery]

Skill      XL: |  1  2  3  4  5  6  7  8  9 10 11 12 13 |
---------------+----------------------------------------+-----
Stealth        | 3 6 |  6.0
Fighting       | 1 2 3 4 5 6 7 |  7.0
Earth Magic    | 4 5 |  5.0
Spellcasting   | 3 4 5 6 7 8 |  8.0
Summonings     | 2 4 5 6 |  6.0
Dodging        | 3 4 5 6 |  6.0
Conjurations   | 6 7 8 9 10 | 10.0
Fire Magic     | 4 7 8 10 | 10.0
Evocations     | 3 |  3.0
Transmutations | 4 |  4.0
Translocations | 5 |  5.0
Shields        | 3 4 |  4.0

Action                   |  1- 3 |  4- 6 |  7- 9 | 10-12 | 13-15 || total
-------------------------+-------+-------+-------+-------+-------++-------
Melee: Dagger            |     8 |    10 |       |       |       ||    18
       Constrict         |     4 |     5 |    14 |     1 |       ||    24
       Tentacles         |     2 |     4 |    14 |     3 |       ||    23
       Flail             |       |     5 |       |       |       ||     5
       Trident           |       |     8 |    83 |       |       ||    91
       Punch             |       |     1 |       |       |       ||     1
       Quarterstaff      |       |       |       |     8 |       ||     8
Throw: Boomerang         |       |     5 |     1 |     5 |       ||    11
       Dart              |       |       |       |     2 |       ||     2
 Cast: Sandblast         |    38 |    77 |    92 |     5 |       ||   212
       Call Canine Famil |       |     2 |    29 |    41 |    18 ||    90
       Stone Arrow       |       |       |    81 |   237 |    17 ||   335
       Fireball          |       |       |       |    93 |     1 ||    94
       Iskenderun's Myst |       |       |       |       |     4 ||     4
Invok: Call Merchant     |       |       |       |     2 |       ||     2
  Use: Scroll            |       |       |    15 |     7 |       ||    22
       Potion            |       |       |     3 |     6 |     3 ||    12
 Stab: Sleeping          |       |       |     2 |       |       ||     2
       Distracted        |       |       |     2 |       |       ||     2
Armor: Skin              |     3 |     5 |     3 |     1 |     3 ||    15
Dodge: Dodged            |    11 |    49 |   120 |    93 |    23 ||   296
Block: Other             |       |       |       |    11 |       ||    11
       Buckler           |       |       |       |       |    18 ||    18
